 Dungeon Crawl Stone Soup version 0.29.1-13-g9f3cf754e1 (webtiles) character file.

Game seed: 3488689031799537190

196 Kold the Shooter (level 5, 0/44 HPs)
             Began as a Barachi Hunter on Jan 31, 2023.
             Slain by a shadow (9 damage)
             ... in the Ecumenical Temple.
             The game lasted 00:04:29 (2274 turns).

Kold the Shooter (Barachi Hunter)                   Turns: 2274, Time: 00:04:30

Health: 0/44       AC:  6    Str: 12    XL:     5   Next: 74%
Magic:  5/5        EV: 12    Int: 10    God:
Gold:   139        SH:  0    Dex: 17    Spells: 4/4 levels left

rFire   + . .      SeeInvis .   a - +0 shortbow (venom)
rCold   . . .      Faith    .   (shield currently unavailable)
rNeg    . . .      Spirit   .   c - +0 leather armour
rPois   .          Reflect  .   v - +0 helmet
rElec   .          Harm     .   (no cloak)
rCorr   .          Rampage  .   k - +0 pair of gloves
Will    .....                   z - +0 pair of boots
Stlth   ++........              (no amulet)
HPRegen 0.14/turn               x - ring of protection from fire
MPRegen 0.09/turn               (no ring)

@: slow
A: amphibious, slowness 1, strong legs 1, +LOS
a: Hop


You were in the Ecumenical Temple.
You visited 2 branches of the dungeon, and saw 5 of its levels.

You collected 139 gold pieces.

Inventory:

Hand Weapons
 a - a +0 shortbow of venom (weapon)
Armour
 c - a +0 leather armour (worn)
 k - a +0 pair of gloves (worn)
 t - a +2 tower shield
 v - a +0 helmet (worn)
 z - a +0 pair of boots (worn)
Jewellery
 x - a ring of protection from fire (left hand)
Wands
 u - a wand of charming (14)
Scrolls
 b - a scroll of immolation
 d - a scroll of blinking {unknown}
 j - 2 scrolls of poison {unknown}
 l - a scroll of fear {unknown}
 m - a scroll of magic mapping {unknown}
 o - 2 scrolls of identify {unknown}
 p - 5 scrolls of teleportation {unknown}
 y - a scroll of torment {unknown}
Potions
 e - a potion of heal wounds {unknown}
 g - a potion of invisibility {unknown}
 h - 2 potions of brilliance {unknown}
 i - 2 potions of haste {unknown}
 n - 2 potions of degeneration {unknown}
 q - a potion of lignification {unknown}
 r - 2 potions of curing {unknown}
 s - a potion of cancellation {unknown}
 w - 2 potions of might {unknown}


   Skills:
 + Level 5.0 Fighting
 + Level 5.3 Ranged Weapons
 - Level 3.0 Dodging
 - Level 1.0 Stealth


You had 4 spell levels left.
You didn't know any spells.
Your spell library contained the following spells:

 Spells                   Type           Power      Damage    Failure   Level
 Conjure Flame            Conj/Fire      0%         6-21      82%         3
 Ignite Poison            Fire/Tmut/Pois 0%         N/A       82%         3
 Mephitic Cloud           Conj/Pois/Air  0%         N/A       82%         3
 Portal Projectile        Hex/Tloc       0%         N/A       82%         3
 Tukima's Dance           Hex            0%         N/A       82%         3
 Sticky Flame             Conj/Fire      0%         2d3       99%         4
 Blade Hands              Tmut           0%         N/A       100%        5
 Freezing Cloud           Conj/Ice/Air   0%         6-21      100%        5


Dungeon Overview and Level Annotations

Branches:
Dungeon (5/15)             Temple (1/1) D:5

Altars:
Ashenzari
Cheibriados
Dithmenos
Fedhas
Nemelex Xobeh
Qazlal
Ru
Trog
Vehumet
Wu Jian
Xom
Zin
The Shining One


Innate Abilities, Weirdness & Mutations

You are amphibious.
You cover ground slowly.
You can hop short distances.
You have an extended range of vision and can be seen from far away.


Message History

The iguana barely misses you.
You shoot an arrow. The arrow hits the iguana!
The iguana is severely wounded.
The shadow strikes at you from the darkness!
Reactivating autopickup.
The iguana closely misses you. The shadow hits you!
You shoot an arrow. The arrow hits the iguana.
The iguana is almost dead.
The iguana bites you! The shadow completely misses you.
The iguana closely misses you.
You shoot an arrow.
The arrow hits the iguana but does no damage.
The iguana is almost dead.
The shadow hits you. The iguana barely misses you.
You shoot an arrow. The arrow hits the iguana!
You kill the iguana!
The shadow hits you.
Your Fighting skill increases to level 5!
The shadow attacks as you move away! The shadow closely misses you.
The shadow barely misses you.
You are too injured to fight recklessly!
You are too injured to fight recklessly!
The shadow attacks as you move away! The shadow barely misses you.
There is a staircase to the Ecumenical Temple here.
The shadow slips into darkness.
The shadow flickers and vanishes!
Deactivating autopickup; reactivate with Ctrl-A.
You climb downwards.
Welcome to the Ecumenical Temple!
Reactivating autopickup.
Found twelve altars.
There is a staircase back to the Dungeon here.
You start resting.
The shadow strikes at you from the darkness!
* * * LOW HITPOINT WARNING * * *
As you read the scroll labelled YDIOSH PIPESS, it crumbles to dust.
It is a scroll of brand weapon.
Your +0 shortbow drips with poison.
a - a +0 shortbow of venom (weapon)
The shadow hits you!
You die...

#.._..._..._..._
...............
..............
#.............
#.._..._..._..
#.............
#............
#...W.......
#..@..._..._
#...........
##..........
##.........
#.._..._..
#.........
##.......#
#.....## .._..#


You could see a shadow.

Vanquished Creatures
  2 iguanas (D:5)
  Natasha (thrice) (D:2)
  An adder (D:2)
  A worm (D:3)
  A dart slug (D:1)
  2 orcs
  3 ball pythons (D:2)
  3 endoplasms (D:2)
  5 giant cockroaches
  7 goblins
  4 hobgoblins
  3 jackals
  5 kobolds
  A quokka (D:2)
  5 bats
  A frilled lizard (D:1)
  10 rats
57 creatures vanquished.

Notes
Turn   | Place    | Note
-------+----------+-------------------------------------------
     0 | D:1      | Kold the Barachi Hunter began the quest for the Orb.
     0 | D:1      | Reached XP level 1. HP: 17/17 MP: 1/1
    46 | D:1      | Reached skill level 1 in Stealth
   169 | D:1      | Reached XP level 2. HP: 21/23 MP: 2/2
   735 | D:1      | Found a faded altar of an unknown god.
   869 | D:2      | Reached XP level 3. HP: 29/29 MP: 3/3
   874 | D:2      | Found a bloodstained altar of Trog.
   968 | D:2      | Noticed Natasha
   974 | D:2      | Killed Natasha
  1014 | D:2      | Reached XP level 4. HP: 36/36 MP: 4/4
  1461 | D:2      | Noticed Natasha
  1467 | D:2      | Killed Natasha
  1475 | D:2      | Noticed Natasha
  1479 | D:2      | Killed Natasha
  1480 | D:2      | Reached skill level 5 in Ranged Weapons
  1480 | D:2      | Reached XP level 5. HP: 37/43 MP: 5/5
  2198 | D:3      | You fall into a shaft and drop 2 floors!
  2198 | D:5      | Entered Level 5 of the Dungeon
  2241 | D:5      | Found a staircase to the Ecumenical Temple.
  2258 | D:5      | Noticed a shadow
  2269 | D:5      | Reached skill level 5 in Fighting
  2272 | Temple   | Entered the Ecumenical Temple
  2274 | Temple   | Slain by a shadow

Illustrated notes

Levels and vault maps discovered:
D:1:      heliophobic_arrival_ceremonial_halls, layout_basic,
          shapermc_ecumenical_altar_mp_highgroup
D:2:      layout_basic, st_stairs_14, minmay_hexomino_r4, uniq_natasha
D:3:      layout_basic, uniq_sigmund
D:5:      minmay_angry_zag, layout_loops_ring,
          minmay_temple_entry_statues_fountains, hangedman_feature_mirror,
          grunt_decor_junction, minmay_fractal_squares_5
Temple:   nicolae_temple_ecumenical_triangle

Skill      XL: |  1  2  3  4  5 |
---------------+----------------+-----
Stealth        | 1 |  1.0
Fighting       | 3 4 5 |  5.0
Dodging        | 3 |  3.0
Ranged Weapons | 5 |  5.3

Action                   |  1- 3 |  4- 6 || total
-------------------------+-------+-------++-------
 Fire: Shortbow          |    78 |    86 ||   164
 Abil: Hop               |       |     2 ||     2
  Use: Scroll            |       |     1 ||     1
Armor: Leather armour    |     8 |     6 ||    14
Dodge: Dodged            |    25 |    13 ||    38
